 Dungeon Crawl Stone Soup version 0.23.0-3-gf3c87f2 (webtiles) character file.

Game seed: 8339836611858201178

20 Borgoz the Sneak (level 2, -2/19 (20) HPs)
             Began as a Ghoul Enchanter on Feb 24, 2019.
             Slain by a hobgoblin
             ... wielding a +0 club
              (4 damage)
             ... on level 1 of the Dungeon.
             The game lasted 00:01:29 (842 turns).

Borgoz the Sneak (Ghoul Enchanter)                   Turns: 842, Time: 00:01:30

HP:   -2/19 (20)    AC:  2    Str: 11    XL:     2   Next: 79%
MP:   4/4           EV: 12    Int: 10    God:
Gold: 63            SH:  0    Dex:  9    Spells: 2/5 levels left

rFire    . . .     SeeInvis .   a - +1 dagger
rCold    + . .     Gourm    .   (no shield)
rNeg     + + +     Faith    .   b - +0 robe
rPois    ∞         Spirit   .   (no helmet)
rElec    .         Reflect  .   (no cloak)
rCorr    .         Harm     .   (no gloves)
MR       .....                  (no boots)
Stlth    ++........             (no amulet)
HPRegen  0.00/turn              (no ring)
MPRegen  0.09/turn              (no ring)

@: about to teleport, rotting
A: rotting body, claws 1, carnivore, cold resistance 1, negative energy
resistance 3, inhibited regeneration, torment resistance, unbreathing
a: no special abilities


You were on level 1 of the Dungeon.
You were not hungry.

You visited 1 branch of the dungeon, and saw 1 of its levels.

You collected 63 gold pieces.

Inventory:

Hand Weapons
 a - a +1 dagger (weapon)
Missiles
 g - a throwing net (quivered)
Armour
 b - a +0 robe (worn)
Comestibles
 d - 2 rations


   Skills:
 + Level 1.3 Short Blades
 + Level 2.1 Dodging
 - Level 3.2 Stealth
 + Level 2.1 Spellcasting
 + Level 2.6 Hexes


You had 2 spell levels left.
You knew the following spells:

 Your Spells              Type           Power        Failure   Level  Hunger
a - Corona                Hex            #......      11%         1    ##.....
b - Ensorcelled Hibernat  Hex/Ice        #.....       26%         2    ###....

Your spell library contained the following spells:

 Spells                   Type           Power        Failure   Level  Hunger
 Confuse                  Hex            #.......     30%         3    ####...
 Tukima's Dance           Hex            #.......     30%         3    ####...
 Dazzling Spray           Conj/Hex       #.....       47%         3    ####...


Dungeon Overview and Level Annotations

Branches:
Dungeon (1/15)

Altars:


Innate Abilities, Weirdness & Mutations

Your body is rotting away.
You thrive on raw meat.
You are immune to poison.
You have sharp fingernails.
You are carnivorous and can eat meat at any time.
Your flesh is cold resistant. (rC+)
You are immune to negative energy. (rN+++)
You do not regenerate when monsters are visible.
You are immune to unholy pain and torment.
You can survive without breathing.


Message History

You closely miss the hobgoblin.
The hobgoblin is moderately wounded.
The hobgoblin hits you with a +0 club. The gnoll barely misses you.
You feel your flesh rotting away.
Okay, then.
You closely miss the hobgoblin.
The hobgoblin is moderately wounded.
The hobgoblin hits you with a +0 club.
* * * LOW HITPOINT WARNING * * *
You aren't carrying any potions.
As you read the scroll labeled SEATUL MUIZ, it crumbles to dust.
You feel blessed for a moment.
It was a scroll of remove curse.
The hobgoblin hits you with a +0 club.
* * * LOW HITPOINT WARNING * * *
Okay, then.
You aren't carrying any potions.
As you read the scroll labeled YWAWKE VUAN, it crumbles to dust.
You feel strangely unstable.
It was a scroll of teleportation.
The hobgoblin hits you with a +0 club.
You die...

.##.....##.#####.....######......
.....................(.(>..(.....
..#.....##.##........####....###.
#.#.....##.##........# #........
........##.##........# #.#######
............#........# #.# #...
............#####.#### #.# #.##
............#####.#######.####...
.w............gg@................
###.##.....##############........
....########.^...<.....##########
#######.....................#####
###...(........#...#............#
#......#...#...#...#..[#...#.....
.......#...#...#.>.#...#...#.....
...#...#...#...#...#...#...#...#.
...#...#...##.#######.##...#...#.


You could see a gnoll and a hobgoblin.

Vanquished Creatures
  A dart slug (D:1)
  A leopard gecko (D:1)
  3 bats (D:1)
  A giant cockroach (D:1)
  2 goblins (D:1)
  A hobgoblin (D:1)
  2 frilled lizards (D:1)
  2 kobolds (D:1)
  5 rats (D:1)
18 creatures vanquished.

Notes
Turn   | Place    | Note
-------+----------+-------------------------------------------
     0 | D:1      | Borgoz the Ghoul Enchanter began the quest for the Orb.
     0 | D:1      | Reached XP level 1. HP: 14/14 MP: 2/2
    99 | D:1      | Reached skill level 1 in Short Blades
   262 | D:1      | Reached XP level 2. HP: 14/20 MP: 3/3
   528 | D:1      | Learned a level 2 spell: Ensorcelled Hibernation
   842 | D:1      | Slain by a hobgoblin

Skill      XL: |  1  2 |
---------------+-------+-----
Short Blades   | 1 |  1.3
Dodging        | 2 |  2.1
Spellcasting   | 2 |  2.1
Stealth        | |  3.2
Hexes          | |  2.6

Action                   || total
-------------------------++-------
Melee: Dagger            ||    58
 Cast: Ensorcelled Hiber ||     3
  Use: Scroll            ||     2
 Stab: Sleeping          ||     3
  Eat: Chunk             ||     4
Armor: Robe              ||    11
Dodge: Dodged            ||    46
